 Dungeon Crawl Stone Soup version 0.18-b1-2-gd0c887e (webtiles) character file.

1772 shmeve the Fighter (level 8, -12/75 HPs)
             Began as a Minotaur Berserker on Apr 28, 2016.
             Was an Elder of Trog.
             Mangled by an orc warrior
             ... wielding a +0 halberd
              (17 damage)
             ... on level 6 of the Dungeon.
             The game lasted 00:12:25 (5992 turns).

shmeve the Fighter (Minotaur Berserker)             Turns: 5992, Time: 00:12:26

Health: -12/75     AC: 11    Str: 28    XL:     8   Next: 80%
Magic:  7/7        EV: 10    Int:  5    God:    Trog [****..]
Gold:   543        SH:  0    Dex:  9    Spells: 0 memorised, 7 levels left

rFire  . . .     SeeInvis +     a - +1 hand axe
rCold  . . .     Gourm    .     e - +0 chain mail
rNeg   . . .     Faith    .     (no shield)
rPois  .         Spirit   .     (helmet restricted)
rElec  .         Dismiss  .     (no cloak)
rCorr  .         Reflect  .     s - +0 pair of gloves
SustAt .         Harm     .     (no boots)
MR     .....                    (no amulet)
Stlth  ..........               y - +4 ring of strength
                                u - ring of see invisible

@: not resistant to hostile enchantments, extremely unstealthy
A: retaliatory headbutt, horns 2
a: Berserk, Trog's Hand, Brothers in Arms, Burn Spellbooks, Renounce Religion


You were on level 6 of the Dungeon.
You worshipped Trog.
Trog was greatly pleased with you.
You were hungry.

You visited 2 branches of the dungeon, and saw 7 of its levels.
You also visited: Ossuary.

You collected 543 gold pieces.

Inventory:

Hand Weapons
 a - a +1 hand axe (weapon)
Armour
 b - a +0 animal skin
 e - a +0 chain mail (worn)
 s - a +0 pair of gloves (worn)
Jewellery
 u - a ring of see invisible (left hand)
 y - a +4 ring of strength (right hand)
Scrolls
 d - 2 scrolls of blinking
 h - a scroll of fear {unknown}
 j - a scroll of teleportation
 m - 3 scrolls of amnesia
 r - 2 scrolls of remove curse
Potions
 f - a potion of haste {unknown}
 k - a potion of mutation
 l - 2 potions of curing
 n - a potion of flight
 o - a potion of degeneration
 p - a potion of ambrosia {unknown}
 t - a potion of might
 v - a potion of cancellation
 x - 2 potions of brilliance
 z - a potion of resistance {unknown}
Comestibles
 c - 2 bread rations
 g - 5 meat rations


   Skills:
 * Level 8.3 Fighting
 * Level 8.0 Axes
 + Level 3.5 Throwing
 + Level 5.9 Armour
 + Level 5.2 Dodging


You had 7 spell levels left.
You didn't know any spells.

Dungeon Overview and Level Annotations

Branches:
Dungeon (6/15)             Temple (1/1) D:4

Altars:
Elyvilon
Fedhas
Kikubaaqudgha
Sif Muna
Trog


Innate Abilities, Weirdness & Mutations

You reflexively headbutt those who attack you in melee.
You have a pair of horns on your head.


Message History

Your headbutt misses the orc warrior.
The orc warrior is lightly wounded.
The orc warrior barely misses you. You furiously retaliate!
You headbutt the orc warrior, but do no damage.
You hit the orc warrior but do no damage.
You headbutt the orc warrior!
The orc warrior is moderately wounded.
The orc warrior hits you with a halberd!
* * * LOW HITPOINT WARNING * * *
Unknown command.
You hit the orc warrior but do no damage.
The orc warrior is moderately wounded.
The orc warrior hits you with a halberd!
* * * LOW HITPOINT WARNING * * *
You hit the orc warrior but do no damage.
The orc warrior is moderately wounded.
You completely miss the orc warrior. Your headbutt misses the orc warrior.
The orc warrior is moderately wounded.
The orc warrior hits you with a halberd!
You die...

#...#
#.......#
#...#
#.#####.#
#..># #.#
#.# #.###
#.# #†#
..# #.#
#†######
########.#
#.#....#
#........#
#.#.##.#
#.########
#.#.<#.#
#.#
#.#@)#.#
#.#
#.#o.#.#
#.#
#.#..#.#
..#
#.#..#.#
###
#.#..#.#
#.####)#
#....^.#
#.######
#.#


You could see an orc warrior.

Vanquished Creatures
  The ghost of mibe the Chopper, an amateur MiBe of Trog (D:3)
  The ghost of Dasmos the Ruffian, an amateur DrTm of Makhleb (D:4)
  Duvessa (D:5)
  An orc warrior (D:6)
  A necrophage (D:6)
  An elf zombie (Ossuary)
  Blork the orc (D:4)
  Dowan (D:5)
  2 howler monkeys
  2 crimson imps
  2 hounds
  2 orc priests (D:6)
  A jelly (D:6)
  A centaur skeleton (D:6)
  An iguana (D:5)
  6 orc wizards (D:6)
  7 worker ants
  2 big kobold zombies (Ossuary)
  2 mummies (Ossuary)
  Robin (D:2)
  4 gnolls (D:2)
  5 adders
  4 oozes
  An adder skeleton (D:4)
  4 worms
  3 dart slugs
  5 giant geckos
  19 orcs
  A ball python (D:1)
  9 bats
  13 giant cockroaches
  4 gnoll zombies (Ossuary)
  20 goblins
  10 hobgoblins
  8 jackals
  A quokka (D:2)
  4 giant newts
  A goblin zombie (Ossuary)
  4 hobgoblin zombies (Ossuary)
  7 kobolds
  2 orc zombies (Ossuary)
  10 rats
  A fungus (D:4)
177 creatures vanquished.

Notes
Turn   | Place    | Note
--------------------------------------------------------------
     0 | D:1      | shmeve the Minotaur Berserker began the quest for the Orb.
     0 | D:1      | Reached XP level 1. HP: 19/19 MP: 0/0
     1 | D:1      | Found a runed door.
    14 | D:1      | Reached XP level 2. HP: 24/27 MP: 1/1
   209 | D:1      | Reached XP level 3. HP: 29/33 MP: 2/2
   283 | D:1      | Reached ** piety under Trog
   580 | D:1      | Reached skill level 1 in Throwing
   975 | D:2      | Found a white marble altar of Elyvilon.
   997 | D:2      | Reached XP level 4. HP: 27/40 MP: 3/3
  1290 | D:2      | Noticed Robin
  1298 | D:2      | Reached *** piety under Trog
  1299 | D:2      | Killed Robin
  1300 | D:2      | Reached XP level 5. HP: 24/47 MP: 4/4
  2103 | D:3      | Reached skill level 5 in Fighting
  2185 | D:3      | Reached skill level 5 in Axes
  2202 | D:3      | Noticed mibe's ghost (amateur MiBe)
  2211 | D:3      | Killed mibe's ghost
  2211 | D:3      | Reached XP level 6. HP: 56/56 MP: 5/5
  2389 | D:3      | Found a bloodstained altar of Trog.
  2726 | D:4      | Found a staircase to the Ecumenical Temple.
  2758 | D:4      | Noticed Blork the orc
  2762 | D:4      | Noticed Dasmos's ghost (amateur DrTm)
  2769 | D:4      | Killed Blork the orc
  2775 | D:4      | Killed Dasmos's ghost
  2775 | D:4      | Reached XP level 7. HP: 62/63 MP: 6/6
  2944 | D:4      | Reached **** piety under Trog
  3005 | D:4      | Found a blossoming altar of Fedhas.
  3277 | D:5      | Entered Level 5 of the Dungeon
  3342 | D:5      | Found a sand-covered staircase.
  3347 | Ossuary  | Entered an ossuary
  3680 | D:5      | Reached skill level 5 in Armour
  4242 | D:5      | Noticed Dowan
  4246 | D:5      | Noticed Duvessa
  4258 | D:5      | Killed Duvessa
  4258 | D:5      | Reached XP level 8. HP: 31/73 MP: 7/7
  4274 | D:5      | Killed Dowan
  4475 | D:5      | Found an ancient bone altar of Kikubaaqudgha.
  4479 | D:5      | Found a deep blue altar of Sif Muna.
  4708 | Temple   | Entered the Ecumenical Temple
  5400 | D:6      | Reached skill level 5 in Dodging
  5992 | D:6      | Mangled by an orc warrior

Skill      XL: |  1  2  3  4  5  6  7  8 |
---------------+-------------------------+-----
Fighting       | 4 5 6 7 8 |  8.3
Armour         | 3 4 5 |  5.9
Axes           | 4 5 6 8 |  8.0
Throwing       | 1 2 3 |  3.5
Dodging        | 3 4 5 |  5.2

Action                   |  1- 3 |  4- 6 |  7- 9 || total
-------------------------+-------+-------+-------++-------
Melee: Hand axe          |    77 |   108 |   206 ||   391
       Headbutt          |    14 |    20 |    48 ||    82
Invok: Berserk           |     2 |     3 |     1 ||     6
       Trog's Hand       |       |       |     2 ||     2
  Use: Scroll            |       |       |    15 ||    15
 Stab: Sleeping          |       |     8 |     1 ||     9
  Eat: Chunk             |     1 |     7 |    11 ||    19
       Beef jerky        |       |     1 |     1 ||     2
Armor: Animal skin       |    12 |    18 |    28 ||    58
       Chain mail        |       |       |    51 ||    51
Dodge: Dodged            |    56 |   100 |   134 ||   290
